 Dungeon Crawl Stone Soup version 0.21-a0-153-g78480df (webtiles) character file.

1406 4thArraOfDagon the Slasher (level 8, -6/56 HPs)
             Began as a Mummy Warper on Aug 1, 2017.
             Was an Initiate of Gozag.
             Killed from afar by Maurice (24 damage)
             ... with a wand of lightning (?/15)
             ... on level 8 of the Dungeon.
             The game lasted 00:14:05 (5922 turns).

4thArraOfDagon the Slasher (Mummy Warper)           Turns: 5922, Time: 00:14:06

Health: -6/56      AC:  7    Str: 18    XL:     8   Next: 42%
Magic:  12/12      EV: 13    Int: 14    God:    Gozag
Gold:   758        SH:  0    Dex: 12    Spells: 3/12 levels left

rFire    . . .     SeeInvis .   p - +1 dagger (elec)
rCold    + + .     Gourm    .   (no shield)
rNeg     + + +     Faith    .   g - +0 ring mail
rPois    ∞         Spirit   .   (no helmet)
rElec    .         Reflect  .   i - scarf {rC+ rF+}
rCorr    .         Harm     .   k - +0 pair of gloves
MR       +....                  (no boots)
Stlth    +.........             (no amulet)
HPRegen  0.18/turn              u - +4 ring of strength
MPRegen  0.13/turn              (no ring)

@: no status effects
A: no food or potions, fire vulnerability, cold resistance 1, negative energy
resistance 3, torment resistance, unbreathing
a: Potion Petition, Call Merchant, Bribe Branch, Renounce Religion


You were on level 8 of the Dungeon.
You worshipped Gozag.
Gozag was pleased with you.
You were not hungry.

You visited 1 branch of the dungeon, and saw 8 of its levels.

You collected 851 gold pieces.
You paid 93 gold pieces to Gozag.

Inventory:

Hand Weapons
 a - a +0 falchion
 p - a +1 dagger of electrocution (weapon)
Missiles
 e - 4 tomahawks of dispersal (quivered)
 j - 7 javelins
Armour
 b - a +0 leather armour
 g - a +0 ring mail (worn)
 i - a scarf of resistance (worn)
 k - a +0 pair of gloves (worn)
Jewellery
 r - an uncursed amulet of rage
 u - a +4 ring of strength (left hand)
Wands
 l - a wand of polymorph (0/24)
 q - a wand of enslavement (0/24)
 t - a wand of disintegration (1/24)
 v - a wand of disintegration (3/24)
Scrolls
 d - 4 scrolls of blinking
 f - 7 scrolls of remove curse
 h - a scroll of amnesia
 n - 2 scrolls of teleportation
 o - 2 scrolls of random uselessness
 s - a scroll of magic mapping {unknown}
 w - a scroll of fear {unknown}
Books
 c - a book of Spatial Translocations

   Spells                             Type                      Level
   a - Blink                          Translocation                2
   b - Shroud of Golubria             Charms/Translocation         2
   c - Lesser Beckoning               Translocation                3
   d - Gell's Gravitas                Translocation                3
   e - Teleport Other                 Translocation                3
   f - Passage of Golubria            Translocation                4


   Skills:
 - Level 2.0 Fighting
 * Level 6.5 Long Blades
 - Level 0.7 Throwing
 + Level 4.1 Armour
 + Level 4.4 Dodging
 - Level 2.6 Spellcasting
 - Level 2.4 Translocations


You had 3 spell levels left.
You knew the following spells:

 Your Spells              Type           Power        Failure   Level  Hunger
a - Blink                 Tloc           N/A          21%         2    N/A
b - Passage of Golubria   Tloc           N/A          80%         4    N/A
c - Lesser Beckoning      Tloc           #.........   38%         3    N/A

Dungeon Overview and Level Annotations

Branches:
Dungeon (8/15)             Temple (0/1) D:4
   Lair: D:8-11

Altars:
Ashenzari
Elyvilon
Gozag
Hepliaklqana
Sif Muna
Uskayaw
Vehumet
Zin

Annotations:
D:7 Duvessa
D:8 Gastronok, Maurice, Pikel


Innate Abilities, Weirdness & Mutations

You do not eat or drink.
Your flesh is vulnerable to fire.
You are immune to poison.
Your flesh is cold resistant. (rC+)
You are immune to negative energy. (rN+++)
You are immune to unholy pain and torment.
You can survive without breathing.


Message History

Nothing appears to happen.
This wand has 4 charges left.
The goblin closely misses you.
Unknown command.
Evoke which item? (* to show all) (? for menu, Esc to quit)
Aiming: Disintegrate
Press: ? - help, Shift-Dir - straight line, f - goblin
Aim: a goblin, wielding a spear (chance to defeat MR: 80%)
Okay, then.
Unknown command.
The goblin closely misses you.
Unknown command.
Evoke which item? (* to show all) (? for menu, Esc to quit)
Aiming: Disintegrate
Press: ? - help, Shift-Dir - straight line Nothing appears to happen.
This wand has 3 charges left.
You hear a zap.
A bolt of lightning appears from out of thin air!
The bolt of lightning misses you. The bolt of lightning hits you!
You die...
Your body crumbles into a pile of gold.

###.#.... ....#
.......≈≈ ≈≈..#
.......≈# ###≈..
.......≈# .#≈.#
....(..≈# .g.#
?."....≈# #gg#
.<.....≈#####≈g#
#####..≈≈≈≈≈≈≈.#
#[........@#
############


You could see 4 goblins.

Vanquished Creatures
  Menkaure (D:7)
  An ice beast (D:7)
  A hornet zombie (D:5)
  2 phantoms
  A centaur (D:6)
  An ogre (D:7)
  A bullfrog (D:8)
  A scorpion (D:7)
  A water moccasin skeleton (D:6)
  Dowan (D:7)
  2 howler monkeys (D:7)
  A jelly (D:8)
  An orc priest (D:4)
  3 bullfrog skeletons
  2 worker ants
  An iguana (D:5)
  A hound skeleton (D:6)
  5 gnolls
  5 adders
  3 shadow imps
  An ooze (D:3)
  An adder zombie (D:7)
  A worm (D:2)
  3 dart slugs (D:1)
  3 leopard geckos
  6 orcs
  3 ball pythons
  6 bats
  4 giant cockroaches
  10 goblins
  6 hobgoblins
  12 jackals
  2 quokkas
  2 frilled lizards (D:2)
  A jackal skeleton (D:6)
  6 kobolds
  A quokka skeleton (D:5)
  6 rats
109 creatures vanquished.

Vanquished Creatures (collateral kills)
  A gnoll (D:5)
  An orc (D:3)
2 creatures vanquished.

Vanquished Creatures (others)
  A sky beast (D:5)
  A howler monkey (D:7)
2 creatures vanquished.

Grand Total: 113 creatures vanquished

Notes
Turn   | Place    | Note
-------+----------+-------------------------------------------
     0 | D:1      | 4thArraOfDagon the Mummy Warper began the quest for the Orb.
     0 | D:1      | Reached XP level 1. HP: 16/16 MP: 4/4
   317 | D:2      | Reached skill level 1 in Armour
   331 | D:2      | Reached skill level 2 in Long Blades
   331 | D:2      | Reached XP level 2. HP: 19/22 MP: 5/5
   478 | D:3      | Reached XP level 3. HP: 11/27 MP: 7/7
   904 | D:2      | Reached XP level 4. HP: 31/33 MP: 8/8
   914 | D:2      | You fall through a shaft for 2 floors!
   997 | D:5      | Entered Level 5 of the Dungeon
  1007 | D:5      | Found a shattered altar of Ashenzari.
  1187 | D:5      | Found a glowing drain.
  1202 | D:5      | Noticed a sky beast
  1209 | D:6      | Noticed an ogre
  1267 | D:5      | Reached skill level 3 in Long Blades
  1418 | D:4      | Found an opulent altar of Gozag.
  1419 | D:4      | Found a glowing silver altar of Zin.
  1432 | D:4      | Became a worshipper of Gozag Ym Sagoz the Greedy
  1808 | D:3      | Reached XP level 5. HP: 38/38 MP: 9/9
  1850 | D:3      | Noticed an orc warrior
  3430 | D:4      | Reached skill level 4 in Long Blades
  3432 | D:4      | Reached XP level 6. HP: 41/44 MP: 10/10
  3934 | D:4      | Found a staircase to the Ecumenical Temple.
  4459 | D:5      | Reached XP level 7. HP: 45/50 MP: 11/11
  4859 | D:6      | Learned a level 2 spell: Blink
  4864 | D:6      | Learned a level 4 spell: Passage of Golubria
  4868 | D:6      | Learned a level 3 spell: Lesser Beckoning
  4876 | D:6      | Reached skill level 5 in Long Blades
  5485 | D:7      | Found a deep blue altar of Sif Muna.
  5486 | D:7      | Noticed Menkaure
  5492 | D:7      | Killed Menkaure
  5499 | D:7      | Found a white marble altar of Elyvilon.
  5506 | D:7      | Found a radiant altar of Vehumet.
  5515 | D:7      | Found a hazy altar of Hepliaklqana.
  5517 | D:7      | Found a hide-covered altar of Uskayaw.
  5631 | D:7      | Reached XP level 8. HP: 51/56 MP: 12/12
  5643 | D:7      | Reached skill level 6 in Long Blades
  5750 | D:7      | Noticed Dowan
  5774 | D:7      | Killed Dowan
  5860 | D:7      | Noticed Duvessa
  5878 | D:8      | Noticed Gastronok
  5899 | D:8      | Noticed Pikel
  5903 | D:8      | Noticed Maurice
  5922 | D:8      | Killed from afar by Maurice

Vault maps used:
D:1:      dpeg_arrival_rhombi
D:4:      grunt_temple_overflow_gold_and_silver, minmay_temple_entry_butterflies
D:5:      nicolae_ashenzari_panopticon, first_bread, portal_sewer_entry_f
D:6:      minivault_24
D:7:      minmay_overflow_temple_star_hex, uniq_duvessa, uniq_menkaure,
          uniq_crazy_yiuf_cottage
D:8:      enter_bailey_3, hangedman_ranch, uniq_maurice, uniq_pikel,
          uniq_gastronok

Skill      XL: |  1  2  3  4  5  6  7  8 |
---------------+-------------------------+-----
Armour         | 1 2 3 4 |  4.1
Long Blades    | 2 3 4 5 6 |  6.5
Dodging        | 2 3 4 |  4.4
Fighting       | |  2.0
Throwing       | |  0.7
Spellcasting   | |  2.6
Translocations | |  2.4

Action                   |  1- 3 |  4- 6 |  7- 9 || total
-------------------------+-------+-------+-------++-------
Melee: Falchion          |    84 |   154 |       ||   238
       Dagger            |       |   103 |   130 ||   233
Throw: Tomahawk          |       |     1 |       ||     1
Evoke: Wand              |       |     8 |    24 ||    32
  Use: Scroll            |     2 |     6 |     3 ||    11
Armor: Ring mail         |    41 |    96 |    31 ||   168
       Leather armour    |     2 |       |       ||     2
Dodge: Dodged            |    72 |   154 |    62 ||   288
       Rpst.: Falchion   |    14 |    22 |       ||    36
